 Dungeon Crawl Stone Soup version 0.32-a0-841-g4648e6c457 (webtiles) character file.

Game seed: 13343498159085992210

484 aigua the Slasher (level 7, 0/50 HPs)
             Began as a Coglin Gladiator on Mar 26, 2024.
             Succumbed to a gnoll's poison
             ... on level 5 of the Dungeon.
             The game lasted 00:07:04 (3480 turns).

aigua the Slasher (Coglin Gladiator)                Turns: 3480, Time: 00:07:05

Health: 0/50       AC: 14    Str: 14 (15) XL:     7   Next: 12%
Magic:  7/7        EV:  3    Int:  6 (7)  God:
Gold:   236        SH:  0    Dex: 15 (17) Spells: 6/6 levels left

rFire   + . .        y - +0 dagger (venom) {Anan}
rCold   + . .        i - +1 short sword (drain) {Nimrit}
rNeg    . . .        h - +0 plate armour
rPois   +            v - +0 helmet
rElec   +            q - +0 cloak
rCorr   +            s - +0 pair of gloves
SInv    .            f - +0 pair of boots
Will    .....        (amulet unavailable) Stlth
                     (ring unavailable)
HPRegen 0.28/turn    (ring unavailable)
MPRegen 0.10/turn    (no gizmo)

%: no passive effects
@: lethally poisoned (0 -> -19), resistant, attractive, invisible, revving
A: off-hand wielding, slow wielding, warmup strikes, no jewellery
a: Invent Gizmo


You were on level 5 of the Dungeon.
You visited 1 branch of the dungeon, and saw 5 of its levels.

You collected 236 gold pieces.

Inventory:

Hand Weapons
 a - a +0 long sword {Lukas}
 i - a +1 short sword of draining (offhand) {Nimrit}
 y - a +0 dagger of venom (weapon) {Anan}
Missiles
 d - 3 throwing nets (quivered)
 e - a javelin
 r - 3 poisoned darts
Armour
 f - a +0 pair of boots (worn)
 h - a +0 plate armour (worn)
 q - a +0 cloak (worn)
 s - a +0 pair of gloves (worn)
 v - a +0 helmet (worn)
Wands
 B - a wand of acid (5)
Scrolls
 b - a scroll of vulnerability {unknown}
 g - 2 scrolls of fog
 k - a scroll of enchant armour {unknown}
 l - 2 scrolls of enchant weapon {unknown}
 m - 2 scrolls of noise {unknown}
 n - 2 scrolls of identify {unknown}
 p - a scroll of revelation {unknown}
 w - a scroll of immolation {unknown}
Potions
 x - a potion of lignification {unknown}
 z - a potion of magic {unknown}
 A - a potion of enlightenment {unknown}


   Skills:
 - Level 2.0 Fighting
 + Level 1.8(4.7) Short Blades
 - Level 7.5(7.6) Long Blades
 - Level 1.7 Throwing
 - Level 2.6 Dodging


You had 6 spell levels left.
You didn't know any spells.
Your spell library contained the following spells:

 Spells                   Type           Power      Damage    Failure   Level
 Freeze                   Ice            0%         1d3       100%        1
 Cigotuvi's Dreadful Rot  Necr/Alch/Air  0%         N/A       100%        2
 Dazzling Flash           Conj/Hex       0%         N/A       100%        3
 Frozen Ramparts          Ice            0%         1d1       100%        3
 Hailstorm                Conj/Ice       0%         3d5       100%        3
 Mephitic Cloud           Conj/Alch/Air  0%         N/A       100%        3
 Volatile Blastmotes      Fire/Tloc      0%         2d10      100%        3
 Dispel Undead            Necr           0%         3d6       100%        4
 Fulminant Prism          Conj/Alch      0%         3d5       100%        4
 Iskenderun's Mystic Bla  Conj/Tloc      0%         2d3       100%        4
 Martyr's Knell           Necr/Summ      0%         N/A       100%        4
 Curse of Agony           Necr           0%         N/A       100%        5
 Silence                  Hex/Air        0%         N/A       100%        5


Dungeon Overview and Level Annotations

Branches:
Dungeon (5/15)
 Temple: D:4-7

Altars:
Ashenzari
Kikubaaqudgha
Sif Muna

Shops:
D:4 :


Innate Abilities, Weirdness & Mutations

You can wield a second weapon in your off-hand.
It takes a long time for you to wield or remove held weapons.
Your first few attacks do less damage.
You cannot equip rings or amulets.


Message History

The iguana is lightly wounded.
You hit the iguana with your +0 dagger of venom.
You feel sick. The gnoll hits you but does no damage.
You are more poisoned.
You hit the iguana but do no damage.
The iguana is moderately wounded.
You hit the iguana with your +1 short sword of draining.
You feel very sick.
The iguana bites you but does no damage.
The gnoll hits you from afar with a +0 spear of venom!
* * * LOW HITPOINT WARNING * * *
You are more poisoned.
It was a potion of curing.
You feel better.
Your attacks no longer feel as feeble.
The iguana bites you!
* * * LOW HITPOINT WARNING * * *
The gnoll hits you but does no damage.
You are poisoned.
It was a potion of degeneration.
There was something very wrong with that liquid.
You feel weakened.
You feel dopey.
You feel clumsy.
You feel sick. The iguana bites you.
* * * LOW HITPOINT WARNING * * *
The gnoll hits you but does no damage.
You are lethally poisoned!
It was a potion of resistance.
You feel protected.
* * * LOW HITPOINT WARNING * * *
You feel very sick.
The iguana bites you but does no damage.
The gnoll barely misses you.
It was a potion of invisibility.
You fade into invisibility!
* * * LOW HITPOINT WARNING * * *
You feel very sick. The iguana barely misses you.
The gnoll hits you but does no damage.
You are more poisoned.
It was a potion of attraction.
You feel attractive to monsters.
You die... #+# ##.## #...# ... +## .gg

...# # ######
#g##.....
#.##....#
#l)......
........+##@##
#....##...##
#....).....#
#....##...##
#....###.##
#....#.#+#
####.....#
#.##+####
..####.......##+#
#+#


You could see an iguana (unable to see you, very drained) and 3 gnolls.

Vanquished Creatures
  A phantom (D:4)
  2 vampire bats (D:4)
  A gnoll bouda (D:5)
  Crazy Yiuf (D:3)
  An iguana (D:4)
  11 gnolls
  2 adders (D:4)
  A ribbon worm (D:2)
  4 dart slugs
  11 orcs
  8 ball pythons
  3 bat skeletons (D:4)
  3 bat zombies (D:4)
  5 endoplasms
  6 giant cockroaches
  7 goblins
  10 hobgoblins
  4 jackals (D:3)
  4 quokkas
  A bat (D:1)
  6 frilled lizards
  5 kobolds
  13 rats
110 creatures vanquished.

Notes
Turn   | Place    | Note
-------+----------+-------------------------------------------
     0 | D:1      | aigua the Coglin Gladiator began the quest for the Orb.
     0 | D:1      | Reached XP level 1. HP: 16/16 MP: 1/1
   213 | D:1      | Reached XP level 2. HP: 22/22 MP: 2/2
   423 | D:1      | Reached skill level 4 in Long Blades
   435 | D:1      | Found a faded altar of an unknown god.
   474 | D:1      | Reached XP level 3. HP: 27/27 MP: 3/3
  1120 | D:2      | Reached XP level 4. HP: 20/33 MP: 4/4
  1123 | D:2      | Reached skill level 5 in Long Blades
  1903 | D:3      | Reached XP level 5. HP: 25/38 MP: 5/5
  2118 | D:3      | Found a runed translucent door.
  2119 | D:3      | Noticed Crazy Yiuf
  2152 | D:3      | Found a shimmering blue altar of Sif Muna.
  2287 | D:3      | Found a broken altar of Ashenzari.
  2465 | D:3      | Killed Crazy Yiuf
  2466 | D:3      | Reached skill level 6 in Long Blades
  2593 | D:4      | Noticed a phantom
  2618 | D:4      | Killed a phantom
  2619 | D:4      | Reached XP level 6. HP: 44/44 MP: 6/6
  2683 | D:4      | Found Ciseha's Book Shop.
  2844 | D:4      | Reached skill level 7 in Long Blades
  2848 | D:4      | Found an ancient bone altar of Kikubaaqudgha.
  3331 | D:5      | Entered Level 5 of the Dungeon
  3375 | D:5      | Reached skill level 1 in Short Blades
  3375 | D:5      | Reached XP level 7. HP: 37/50 MP: 7/7
  3480 | D:5      | Succumbed to a gnoll's poison

Illustrated notes

Levels and vault maps discovered:
D:1:      nzn_arrival_depleted_hourglass, layout_loops_ring,
          chequers_ecumenical_altar_grove, minmay_pentomino_z4
D:2:      layout_loops_corners, minmay_misc_feat_room
D:3:      layout_rooms, mainiacjoe_overflow_alcove_4,
          cheibrodos_ashenzari_chains, uniq_crazy_yiuf_cottage
D:4:      layout_rooms, kennysheep_vampire_church, serial_shops,
          nicolae_shop_trees
D:5:      layout_basic, nicolae_hexahallways, uniq_blork_the_orc, uniq_ijyb

Skill      XL: |  1  2  3  4  5  6 |
---------------+-------------------+-----
Long Blades    | 4 5 6 7 |  7.5
Short Blades   | 1 |  1.8
Fighting       | |  2.0
Throwing       | |  1.7
Dodging        | |  2.6

Action                     |  1- 3 |  4- 6 |  7- 9 || total
---------------------------+-------+-------+-------++-------
  Melee: Long sword        |    74 |   168 |       ||   242
         Short sword       |    71 |   160 |    17 ||   248
         Dagger            |     1 |    13 |    16 ||    30
  Throw: Javelin           |     1 |       |       ||     1
    Use: Scroll            |     1 |       |       ||     1
         Potion            |       |       |     5 ||     5
 Armour: Plate armour      |    65 |   206 |    30 ||   301
  Dodge: Dodged            |    14 |    36 |     7 ||    57

Table legend: (Time is in decaauts)
 A = Elapsed time spent in this place.
 B = Non-inter-level travel time spent in this place.
 C = Inter-level travel time spent in this place.
 D = Time resting spent in this place.
 E = Time spent auto-exploring this place.
 F = Levels seen in this place.
 G = Mean time per level.
                   A        B        C        D        E       F      G
               +--------+--------+--------+--------+--------+-----+--------+
         Total |   3469 |   3330 |    139 |     72 |   2435 |   5 |  693.8 |
       Dungeon |   3469 |   3330 |    139 |     72 |   2435 |   5 |  693.8 |
               +--------+--------+--------+--------+--------+-----+--------+

Top non-repeatable levels by time:
     D:2: 897 daAuts
     D:1: 884 daAuts
     D:4: 836 daAuts
     D:3: 709 daAuts
     D:5: 142 daAuts
